 Dungeon Crawl Stone Soup version 0.31.0-11-ge490571c62 (webtiles) character file.

Game seed: 7581623998162416747

269 qw the Shooter (level 6, -4/30 HPs)
             Began as a Spriggan Hunter on Feb 4, 2024.
             Slain by an orc
             ... wielding a +0 short sword
              (5 damage)
             ... on level 4 of the Dungeon.
             The game lasted 00:00:08 (2523 turns).

qw the Shooter (Spriggan Hunter)                    Turns: 2523, Time: 00:00:09

Health: -4/30      AC:  2    Str:  7    XL:     6   Next: 1%
Magic:  7/7        EV: 21    Int: 10    God:
Gold:   137        SH:  0    Dex: 21    Spells: 5/5 levels left

rFire   . . .        a - +1 shortbow
rCold   . . .        (shield currently unavailable)
rNeg    . . .        c - +0 robe
rPois   +            (helmet restricted)
rElec   .            (no cloak)
rCorr   .            (gloves unavailable)
SInv    +            (boots unavailable)
Will    +....        (no amulet)
Stlth   ++           i - ring of poison resistance
HPRegen 0.25/turn    (no ring)
MPRegen 0.10/turn

%: no passive effects
@: about to teleport, very quick
A: very small, no large weapons, unfitting armour, see invisible, speed 3
a: no special abilities


You were on level 4 of the Dungeon.
You visited 1 branch of the dungeon, and saw 4 of its levels.

You collected 137 gold pieces.


Innate Abilities, Weirdness & Mutations

You are very small and have problems with some larger weapons.
You are too small for most types of armour.
You have supernaturally acute eyesight. (SInv)
You cover ground extremely quickly. (Speed+++)


   Skills:
 - Level 2.0 Fighting
 - Level 6.1 Ranged Weapons
 + Level 5.4 Dodging
 - Level 1.5 Stealth


You had 5 spell levels left.
You didn't know any spells.
Your spell library was empty.

Inventory:

Hand Weapons
 a - a +1 shortbow (weapon)
Armour
 c - a +0 robe (worn)
Jewellery
 i - a ring of poison resistance (left hand)
Scrolls
 e - 3 scrolls of teleportation
 f - 2 scrolls of identify
 l - a scroll of enchant armour {unknown}
 m - a scroll of fear {unknown}
Potions
 b - 2 potions of curing
 d - a potion of haste {unknown}
 g - a potion of heal wounds {unknown}
 h - a potion of berserk rage {unknown}
 j - a potion of cancellation {unknown}
 k - a potion of lignification {unknown}

Dungeon Overview and Level Annotations

Branches:
Dungeon (4/15)
 Temple: D:4-7

Altars:
Trog


Message History

The black bear is moderately wounded.
The orc closely misses you. The orc completely misses you.
The black bear barely misses you. The black bear claws you.
The black bear closely misses you.
You shoot an arrow. The arrow hits the black bear.
The black bear is heavily wounded.
The black bear misses you. The black bear closely misses you.
The black bear claws you but does no damage.
The orc hits you with a +0 dagger. The orc hits you with a +0 short sword.
The orc barely misses you. The black bear closely misses you.
The black bear completely misses you. The black bear barely misses you.
The orc completely misses you.
You shoot an arrow. The arrow hits the black bear.
The black bear is severely wounded.
The orc completely misses you. The orc barely misses you.
The orc completely misses you. The black bear barely misses you.
The black bear claws you. The black bear completely misses you.
You shoot an arrow. The arrow hits the black bear.
The black bear is severely wounded.
The orc completely misses you. The orc barely misses you.
The orc hits you with a +0 short sword. The black bear closely misses you.
The black bear claws you but does no damage. x2
You shoot an arrow. The arrow barely misses the black bear.
The arrow closely misses the kobold.
The orc closely misses you. The orc hits you but does no damage.
The orc misses you. The black bear bites you.
The black bear closely misses you. The black bear claws you.
2522 ||| READING 4 scrolls of teleportation.
As you read the scroll of teleportation, it crumbles to dust.
You feel strangely unstable. The orc misses you.
The orc hits you but does no damage. The orc barely misses you.
The black bear misses you. The black bear claws you.
The black bear completely misses you.
You shoot an arrow.
The arrow closely misses the black bear.
The arrow hits the kobold!
You kill the kobold!
The orc completely misses you. The orc closely misses you.
The orc hits you with a +0 short sword.
You die...

#.......##.
#.......#.###.#7777
#.......#.###.777..
#.).....##...(...P.
#..%....##....77..P
#......!##....77777
#.).}...##.........
#oho....##.........
#.@o....####.#..#.#
#.......#....#..#.#
#.......###.#..#..#
#.......# #......#.
#....)..###........
#...%...#.....###..
#.#...#.####......#
####.#######.....##
#.#.# #..........


You could see a black bear and 3 orcs.

Vanquished Creatures
  2 orc priests (D:4)
  2 iguanas (D:4)
  Jessica (D:2)
  7 adders
  2 ribbon worms (D:2)
  A dart slug (D:4)
  5 orcs
  3 bats
  6 endoplasms
  3 giant cockroaches
  8 goblins
  5 hobgoblins
  2 jackals (D:1)
  3 quokkas
  2 frilled lizards
  6 kobolds
  5 rats
63 creatures vanquished.

Notes
Turn   | Place    | Note
-------+----------+-------------------------------------------
     0 | D:1      | qw the Spriggan Hunter began the quest for the Orb.
     0 | D:1      | Reached XP level 1. HP: 10/10 MP: 2/2
     0 | D:1      | 0 ||| qw: Version: 0.3-a-160-g6735b56
     0 | D:1      | 0 ||| qw: Game counter: 5558
     0 | D:1      | 0 ||| qw: Melee chars always use a shield: true
     0 | D:1      | 0 ||| qw: God list: Okawaru
     0 | D:1      | 0 ||| qw: Allow faded altars: false
     0 | D:1      | 0 ||| qw: Do Orc after clearing Dungeon:15 true
     0 | D:1      | 0 ||| qw: Do second Lair branch before Depths: true
     0 | D:1      | 0 ||| qw: Lair rune preference: random
     0 | D:1      | 0 ||| qw: Goals: Normal
     0 | D:1      | 0 ||| PLANNING D:1-11
    32 | D:1      | Reached skill level 3 in Dodging
   188 | D:1      | Reached XP level 2. HP: 14/14 MP: 3/3
   465 | D:1      | 465 ||| READING scroll labelled HIUMICHATYT.
   465 | D:1      | 465 ||| IDENTIFYING scroll labelled ORIS KOPHOU
   466 | D:1      | 466 ||| READING 3 scrolls labelled MAFFO HE BOUFI.
   467 | D:1      | 467 ||| READING scroll labelled ETRIABRIWAC.
   467 | D:1      | 467 ||| ENCHANTING +0 shortbow.
   468 | D:1      | 468 ||| DROPPING scroll of butterflies.
   469 | D:1      | 469 ||| DROPPING 2 scrolls of noise.
   667 | D:2      | Noticed Jessica
   670 | D:2      | Killed Jessica
   671 | D:2      | Reached XP level 3. HP: 18/18 MP: 4/4
   765 | D:2      | Reached skill level 5 in Ranged Weapons
   776 | D:2      | Reached XP level 4. HP: 15/22 MP: 5/5
  1311 | D:3      | Found a bloodstained altar of Trog.
  1797 | D:3      | Reached XP level 5. HP: 26/26 MP: 6/6
  2002 | D:3      | 2002 ||| UPGRADING to ring of poison resistance.
  2003 | D:3      | 2003 ||| READING scroll labelled YRA JIPHUSY.
  2004 | D:3      | 2004 ||| READING scroll labelled TEUNUO FEF GUE.
  2054 | D:3      | 2054 ||| DRINKING 2 fuming dark potions.
  2278 | D:4      | Reached skill level 6 in Ranged Weapons
  2507 | D:4      | Noticed a black bear
  2511 | D:4      | Reached XP level 6. HP: 30/30 MP: 7/7
  2521 | D:4      | HP: 3/30 [black bear (6)]
  2522 | D:4      | 2522 ||| READING 4 scrolls of teleportation.
  2522 | D:4      | HP: 1/30 [black bear (1)]
  2523 | D:4      | Slain by an orc

Levels and vault maps discovered:
D:1:      lemuel_arrival_broad_hall, layout_basic
D:2:      layout_loops_ring, uniq_jessica
D:3:      kb_forest_paths, layout_basic, mainiacjoe_overflow_cross_hatched,
          grunt_ministairs_3, hex_tiny
D:4:      layout_rooms, led_xom_imps, serial_forest, infiniplex_forest_pool,
          infiniplex_forest_clump_long, infiniplex_forest_lined_room_3,
          infiniplex_forest_straight_5, infiniplex_forest_zigzag_1,
          wad_rectangle_vault

Skill      XL: |  1  2  3  4  5 |
---------------+----------------+-----
Dodging        | 3 4 5 |  5.4
Ranged Weapons | 5 6 |  6.1
Fighting       | 2 |  2.0
Stealth        | |  1.5

Action                     |  1- 3 |  4- 6 || total
---------------------------+-------+-------++-------
   Fire: Shortbow          |    50 |   118 ||   168
    Use: Scroll            |     3 |     3 ||     6
         Potion            |       |     1 ||     1
 Armour: Robe              |     6 |    22 ||    28
  Dodge: Dodged            |    18 |    53 ||    71

Table legend:
 A = Non-vault XP
 B = Vault XP
 C = Vault XP percentage of total XP
 D = Non-vault monster count
 E = Vault monster count
 F = Vault count percentage of total count
                 A         B        C        D         E       F
            +---------+---------+-------+---------+---------+-------
      Total |     303 |      83 |  21.5 |      49 |      14 |  22.2
            +---------+---------+-------+---------+---------+-------
        D:1 |      16 |       0 |   0.0 |       9 |       0 |   0.0
        D:2 |      81 |      37 |  31.4 |      17 |       1 |   5.6
        D:3 |      31 |      36 |  53.7 |      11 |       8 |  42.1
        D:4 |     175 |      10 |   5.4 |      12 |       5 |  29.4
            +---------+---------+-------+---------+---------+-------
